 Dungeon Crawl Stone Soup version 0.16.1-11-g651b585 (webtiles) character file.

44 karlm the Sneak (level 3, -1/28 HPs)
             Began as a Naga Wizard on Apr 7, 2015.
             Slain by Terence
             ... wielding a +0 flail
              (3 damage)
             ... on level 2 of the Dungeon.
             The game lasted 00:05:58 (1833 turns).

karlm the Sneak (Naga Wizard)                       Turns: 1833, Time: 00:05:58

Health: -1/28      AC:  2    Str:  9    XL:     3   Next: 62%
Magic:  1/8        EV: 10    Int: 19    God:
Gold:   144        SH:  0    Dex:  9    Spells: 3 memorised, 2 levels left

rFire  . . .     SeeInvis +     m - +0 mace
rCold  . . .     Clarity  .     a - +0 robe
rNeg   . . .     SustAb   .     (no shield)
rPois  +         Gourm    .     b - +0 hat
rElec  .         Spirit   .     (no cloak)
rCorr  .         Warding  .     (no gloves)
rMut   .         Stasis   .     (no barding)
MR     .....                    (no amulet)
Stlth  +++.......               (no ring)
                                i - ring of poison resistance

@: short of breath, very slightly contaminated, very slow, not resistant to
hostile enchantments, fairly stealthy
A: spit poison, see invisible, deformed body, poison resistance, slowness 2, AC
+1
a: Spit Poison


You were on level 2 of the Dungeon.
You were not hungry.

You visited 1 branch of the dungeon, and saw 2 of its levels.

You collected 144 gold pieces.

Inventory:

Hand weapons
 m - a +0 mace (weapon)
Missiles
 e - 88 stones (quivered)
Armour
 a - a +0 robe (worn)
 b - a +0 hat (worn)
Jewellery
 i - a ring of poison resistance (left hand)
Magical devices
 q - a wand of flame (36)
Scrolls
 g - 6 scrolls of teleportation {unknown}
 h - a scroll of random uselessness {unknown}
 k - a scroll of noise {unknown}
 n - a scroll of identify {unknown}
 o - a scroll of immolation {unknown}
Potions
 j - a potion of haste {unknown}
 s - a potion of cancellation {unknown}
 t - a potion of brilliance {unknown}
 u - a potion of resistance {unknown}
Books
 c - a book of Minor Magic

   Spells                             Type                      Level
   a - Magic Dart                     Conjuration                  1
   b - Blink                          Translocation                2
   c - Call Imp                       Summoning                    2
   d - Repel Missiles                 Charms/Air                   2
   e - Slow                           Hexes                        2
   f - Conjure Flame                  Conjuration/Fire             3
   g - Mephitic Cloud                 Conjuration/Poison/Air       3
Comestibles
 d - 3 bread rations
 f - a meat ration
 l - 2 chunks of flesh
 p - 3 fruits
 r - a beef jerky


   Skills:
 + Level 1.9 Dodging
 + Level 4.1 Stealth
 + Level 3.3 Spellcasting
 + Level 1.8 Conjurations
 - Level 1.0 Summonings
   Level 1.0 Translocations


You had 2 spell levels left.
You knew the following spells:

 Your Spells              Type           Power        Failure   Level  Hunger
a - Magic Dart            Conj           ##..         10%         1    None
b - Call Imp              Summ           #.......     17%         2    ##.....
c - Conjure Flame         Conj/Fire      #.......     34%         3    ###....


Dungeon Overview and Level Annotations

Branches:
Dungeon (2/15)

Altars:
Nemelex Xobeh

Annotations:
D:2 Terence


Innate Abilities, Weirdness & Mutations

You cannot wear boots.
You can spit poison.
Your serpentine skin is tough (AC +1).
You have supernaturally acute eyesight.
Armour fits poorly on your strangely shaped body.
Your system is resistant to poisons.
You cover ground very slowly.


Message History

Confirm with . or Enter, or press ? or * to list all spells.
Okay, then.
Casting: Conjure Flame
Confirm with . or Enter, or press ? or * to list all spells.
Okay, then.
Drink which item? (? for menu, Esc to quit)
Okay, then.
Read which item? (? for menu, Esc to quit)
Okay, then.
Casting: Conjure Flame
Confirm with . or Enter, or press ? or * to list all spells.
You don't have enough magic to cast that spell.
Unknown command.
You barely miss Terence.
Terence is severely wounded.
Terence barely misses you.
You barely miss Terence.
Terence is severely wounded.
Terence hits you with a flail.
You die...

## ##.## ##### ####...####!..#
#.............# ######
#.##...##.#...# ....># #.#
#.###.##<## ####.# #######.###.#
#.##.# ####.######
#...@@5.....###.##.# ##........#
#.#####.#.....#.##.#
##.#.####<###.### #.#.###.#.##.#
##.#.# #.......# #.#.###.#.##.#
##.#.#########..###.........##.#
##)#.......)................##.#
...###########..#####.###.#.##.#
#### #..#####.# #.#.##.# #
####........# #.#.##.##


You could see Terence and an iron imp.

Vanquished Creatures
  An adder (D:2)
  A worm (D:2)
  7 bats
  A giant cockroach (D:2)
  3 hobgoblins
  2 giant newts
  2 goblins (D:1)
  6 kobolds
  6 rats
29 creatures vanquished.

Vanquished Creatures (collateral kills)
  An adder (D:2)
  A giant gecko (D:2)
  A goblin (D:2)
  A hobgoblin (D:2)
4 creatures vanquished.

Vanquished Creatures (others)
  A white imp (D:2)
1 creature vanquished.

Grand Total: 34 creatures vanquished

Notes
Turn   | Place    | Note
--------------------------------------------------------------
     0 | D:1      | karlm, the Naga Wizard, began the quest for the Orb.
     0 | D:1      | Reached XP level 1. HP: 15/15 MP: 4/4
   242 | D:1      | Found a sparkling altar of Nemelex Xobeh.
   323 | D:1      | Reached XP level 2. HP: 22/22 MP: 3/6
   330 | D:1      | Learned a level 2 spell: Call Imp
   954 | D:2      | Noticed Terence
  1094 | D:2      | Reached XP level 3. HP: 28/28 MP: 6/8
  1099 | D:2      | Learned a level 3 spell: Conjure Flame
  1643 | D:2      | Reached skill level 4 in Stealth
  1825 | D:2      | HP: 1/28 [Terence/flail (5)]
  1833 | D:2      | Slain by Terence

Action                   || total
-------------------------++-------
Melee: Mace              ||     3
 Cast: Magic Dart        ||    34
       Call Imp          ||     6
 Abil: Spit Poison       ||    23
  Eat: Chunk             ||     4
